 Dungeon Crawl Stone Soup version 0.29.0-5-ge4962eb29e (webtiles) character file.

Game seed: 5793296683530003415

912 ragingrage the Trooper (level 8, -1/76 HPs)
             Began as a Gargoyle Artificer on Aug 28, 2022.
             Slain by an orc priest
             ... wielding a +0 morningstar
              (8 damage)
             ... on level 5 of the Dungeon.
             The game lasted 00:08:13 (6140 turns).

ragingrage the Trooper (Gargoyle Artificer)         Turns: 6140, Time: 00:08:13

Health: -1/76      AC: 10    Str: 18    XL:     8   Next: 9%
Magic:  8/8        EV: 11    Int: 12    God:
Gold:   215        SH:  0    Dex: 10    Spells: 5/7 levels left

rFire   . . .      SeeInvis .   y - -2 executioner's axe (flame)
rCold   + . .      Faith    .   (shield currently unavailable)
rNeg    + . .      Spirit   .   b - +0 leather armour
rPois   ∞          Reflect  .   t - +0 helmet
rElec   +          Harm     .   (no cloak)
rCorr   +          Rampage  .   (no gloves)
Will    .....                   (no boots)
Stlth   ..........              (no amulet)
HPRegen 0.22/turn               q - ring of the Barracuda {rElec rC+ rCorr Slay+3}
MPRegen 0.11/turn               (no ring)

@: berserking (expiring), attractive, very quick
A: sickness immunity, AC +5, negative energy resistance 1, electricity
resistance, torment resistance 1, petrification resistance
a: no special abilities


You were on level 5 of the Dungeon.
You visited 1 branch of the dungeon, and saw 5 of its levels.
You also visited: Sewer.

You collected 215 gold pieces.

Inventory:

Hand Weapons
 l - a +0 quarterstaff
 y - a -2 executioner's axe of flaming (weapon)
Missiles
 o - 3 poisoned darts (quivered)
 z - a silver boomerang
Armour
 b - a +0 leather armour (worn)
 m - a +0 chain mail
 t - a +0 helmet (worn)
Jewellery
 q - the ring of the Barracuda (left hand) {rElec rC+ rCorr Slay+3}
   (You found it on level 3 of the Dungeon)

   [ring of protection from cold]

   Slay:      It affects your accuracy & damage with ranged weapons and melee
   (+3).
   rC:        It protects you from cold.
   rElec:     It insulates you from electricity.
   rCorr:     It protects you from acid and corrosion.
Wands
 c - a wand of flame (11)
 d - a wand of charming (9)
 e - a wand of iceblast (5)
Scrolls
 a - 3 scrolls of identify
 g - a scroll of enchant armour
 j - 2 scrolls of amnesia
 n - 4 scrolls of enchant weapon
 r - a scroll of acquirement
 u - a scroll of magic mapping {unknown}
 A - a scroll of noise {unknown}
 D - a scroll of butterflies {unknown}
Potions
 h - a potion of curing {unknown}
 i - a potion of ambrosia {unknown}
 k - 3 potions of resistance
 p - 3 potions of lignification
 v - a potion of degeneration {unknown}
 w - a potion of might {unknown}
 x - a potion of brilliance {unknown}
 B - a potion of cancellation
 C - a potion of attraction


   Skills:
 - Level 6.2 Fighting
 * Level 2.9 Axes
 - Level 1.6 Throwing
 - Level 3.2 Armour
 - Level 0.7 Dodging
 - Level 1.1 Stealth
 - Level 5.3 Evocations


You had 5 spell levels left.
You knew the following spells:

 Your Spells              Type           Power      Damage    Failure   Level
a - Poisonous Vapours     Pois/Air       0%         N/A       52%         2

Your spell library contained the following spells:

 Spells                   Type           Power      Damage    Failure   Level
 Frozen Ramparts          Ice            0%         1d1       75%         3
 Gell's Gravitas          Tloc           0%         N/A       75%         3
 Lesser Beckoning         Tloc           0%         N/A       75%         3
 Stone Arrow              Conj/Erth      0%         3d7       75%         3
 Teleport Other           Tloc           0%         N/A       75%         3
 Animate Armour           Summ/Erth      0%         N/A       98%         4
 Corpse Rot               Necr/Pois/Air  0%         N/A       98%         4
 Ice Form                 Ice/Tmut       0%         N/A       98%         4
 Summon Ice Beast         Ice/Summ       0%         N/A       98%         4
 Lehudib's Crystal Spear  Conj/Erth      0%         10d2      100%        8


Dungeon Overview and Level Annotations

Branches:
Dungeon (5/15)              Sewer (visited)
 Temple: D:4-7

Altars:
Elyvilon
Hepliaklqana

Shops:
D:4 (


Innate Abilities, Weirdness & Mutations

You are immune to sickness and miasma.
Your stone body is resilient. (AC +5)
You are immune to poison.
You resist negative energy. (rN+)
You are resistant to electric shocks. (rElec)
You are resistant to unholy torment.
You are immune to petrification.


Message History

You feel attractive to monsters. The orc priest hits you with a +0 club.
* * * LOW HITPOINT WARNING * * *
It was a potion of berserk rage.
A red film seems to cover your vision as you go berserk!
You feel yourself moving faster!
You feel mighty!
The orc priest invokes the aid of Beogh against you.
Beogh smites you!
* * * LOW HITPOINT WARNING * * *
Something hits your orc priest.
You barely miss the orc priest.
The orc priest is severely wounded.
Your orc priest looks braver for a moment.
The orc priest barely misses you. Something hits your orc priest.
You closely miss the orc priest.
The orc priest is severely wounded.
Your orc priest barely misses the orc priest.
Something hits your orc priest.
The orc priest hits you but does no damage.
You slice the orc priest!! You burn the orc priest.
You kill the orc priest!
Something barely misses your orc priest.
You swap places.
Something completely misses you.
Things that are here:
a +0 dagger; a +0 leather armour You closely miss something.
Something hits you but does no damage.
You closely miss something. Something hits you but does no damage.
You slice something!! You burn something.
Reactivating autopickup.
You feel a bit more experienced. Really attack your orc priest?
You closely miss your orc priest.
The orc priest is no longer charmed.
The orc priest is moderately wounded.
The orc priest hits you but does no damage.
The orc priest hits you with a +0 morningstar.
* * * LOW HITPOINT WARNING * * *
You closely miss the orc priest.
The orc priest is moderately wounded.
The orc priest hits you with a +0 morningstar!
You die...

##...##+#######......##...##..
#....#~~~~~~~....8..8.........
#..~~~~≈≈≈≈≈~~~~.8..8.........
###~~~≈≈≈≈≈≈≈≈≈≈≈~~~..~.........
#~~~≈≈≈≈≈~~~~~≈≈≈≈≈≈..~~~.......
#~≈≈≈≈~~~~...~~~~≈≈≈..≈≈~~~~....
#~≈≈~~~#.>......~~~~..≈≈≈≈≈~~~~~
#~~~~..#.........[.~..~~≈≈≈≈≈≈≈~
###....#.....))@)..8..8~~~~≈≈≈≈≈
#....##.....o##..8.$8# .~~~~~≈
#....######### ....... .....~~
#.....# ....... ....... #.....#
o...... #.....# .....?. #######
o.##..# .o# ..#


You could see an orc priest.

Vanquished Creatures
  A black bear (D:5)
  A phantom (D:4)
  A necrophage (D:5)
  4 scorpions (D:4)
  2 orc priests
  4 hounds
  An iguana (D:5)
  2 orc wizards
  A hell rat (Sewer)
  6 adders
  3 river rats (Sewer)
  A white imp (D:5)
  4 worms
  2 dart slugs (D:4)
  9 orcs
  11 bats
  2 endoplasms
  3 giant cockroaches
  2 goblins (D:4)
  5 hobgoblins
  7 kobolds
  4 quokkas
  4 ball pythons
  5 frilled lizards
  5 rats
90 creatures vanquished.

Vanquished Creatures (collateral kills)
  A goblin (D:1)
1 creature vanquished.

Vanquished Creatures (others)
  2 orcs
  A kobold (D:1)
  3 fungi (D:4)
  3 plants (D:4)
9 creatures vanquished.

Grand Total: 100 creatures vanquished

Notes
Turn   | Place    | Note
-------+----------+-------------------------------------------
     0 | D:1      | ragingrage the Gargoyle Artificer began the quest for the
                  | Orb.
     0 | D:1      | Reached XP level 1. HP: 12/12 MP: 1/1
   584 | D:1      | Reached XP level 2. HP: 17/17 MP: 2/2
  1333 | D:2      | Found a faded altar of an unknown god.
  1386 | D:2      | Reached skill level 2 in Fighting
  1625 | D:2      | Reached XP level 3. HP: 18/22 MP: 3/3
  1899 | D:2      | Found a hazy altar of Hepliaklqana.
  2080 | D:2      | Learned a level 2 spell: Poisonous Vapours
  2953 | D:3      | Identified the ring of the Barracuda {rElec rC+ rCorr
                  | Slay+3}
  3446 | D:3      | Reached XP level 4. HP: 25/27 MP: 4/4
  3599 | D:4      | Reached skill level 3 in Fighting
  3646 | D:4      | Found a white marble altar of Elyvilon.
  3724 | D:4      | Found a hazy altar of Hepliaklqana.
  3940 | D:4      | Reached XP level 5. HP: 20/33 MP: 5/5
  4085 | D:4      | Reached skill level 4 in Fighting
  4306 | D:4      | Reached XP level 6. HP: 35/39 MP: 6/6
  4388 | D:4      | Reached skill level 5 in Fighting
  4388 | D:4      | Reached skill level 5 in Evocations
  4545 | D:4      | You fall into a shaft and drop 1 floor!
  4545 | D:5      | Entered Level 5 of the Dungeon
  4576 | D:5      | Reached XP level 7. HP: 37/45 MP: 7/7
  4735 | D:5      | Found a glowing drain.
  4739 | Sewer    | Entered a sewer
  4879 | Sewer    | Reached skill level 1 in Throwing
  5056 | D:5      | Reached skill level 6 in Fighting
  5256 | D:4      | Found Laeduacs's Weapon Shoppe.
  5488 | D:4      | Reached skill level 1 in Axes
  5893 | D:5      | Reached XP level 8. HP: 51/51 MP: 8/8
  5961 | D:5      | Identified a scroll of acquirement
  6140 | D:5      | Slain by an orc priest

Illustrated notes

Levels and vault maps discovered:
D:1:      heliophobic_arrival_henge, layout_basic,
          chequers_serial_rivers_micro_b, kennysheep_doodads
D:2:      layout_basic, nicolae_ecumenical_pavilion, basic_altar
D:3:      layout_loops_ring
D:4:      old_forge, layout_loops_ring, nicolae_hepliaklqana_hippocampus,
          amcnicky_altar_gilded, nicolae_inconvenience_store
D:5:      wander_river, layout_gridville, gup_sewer_entry_spiral, st_stairs_13,
          nzn_random_ring, uniq_blork_the_orc

Skill      XL: |  1  2  3  4  5  6  7 |
---------------+----------------------+-----
Evocations     | 3 4 5 |  5.3
Fighting       | 2 3 4 5 6 |  6.2
Throwing       | 1 |  1.6
Armour         | 3 |  3.2
Axes           | 2 |  2.9
Dodging        | |  0.7
Stealth        | |  1.1

Action                   |  1- 3 |  4- 6 |  7- 9 || total
-------------------------+-------+-------+-------++-------
Melee: Club              |    22 |       |       ||    22
       Punch             |     1 |       |       ||     1
       Spear             |    56 |       |       ||    56
       Quarterstaff      |    88 |    87 |    51 ||   226
       Executioner's axe |       |       |    33 ||    33
Throw: Stone             |     1 |       |       ||     1
       Dart              |       |     8 |     4 ||    12
Evoke: Wand              |     5 |     2 |     3 ||    10
  Use: Scroll            |       |       |     7 ||     7
       Potion            |       |       |     3 ||     3
 Stab: Sleeping          |       |     1 |       ||     1
Armor: Leather armour    |    86 |    46 |    42 ||   174
Dodge: Dodged            |    99 |    64 |    53 ||   216
